 Dungeon Crawl Stone Soup version 0.27-a0-668-gb5737ff2c0 (webtiles) character file.

Game seed: 13483855328501550754

116 rageheart7 the Slasher (level 5, -2/45 HPs)
             Began as a Barachi Gladiator on Mar 18, 2021.
             Slain by an orc
             ... wielding a +0 war axe
              (9 damage)
             ... on level 2 of the Dungeon.
             The game lasted 00:03:22 (2893 turns).

rageheart7 the Slasher (Barachi Gladiator)          Turns: 2893, Time: 00:03:23

Health: -2/45      AC:  4    Str: 16    XL:     5   Next: 1%
Magic:  5/5        EV: 12    Int: 11    God:
Gold:   41         SH:  0    Dex: 13    Spells: 4/4 levels left

rFire    . . .     SeeInvis .   a - +0 long sword
rCold    . . .     Faith    .   (no shield)
rNeg     . . .     Spirit   .   b - +0 leather armour
rPois    .         Reflect  .   c - +0 helmet
rElec    .         Harm     .   (no cloak)
rCorr    .         Rampage  .   (no gloves)
Will     .....                  (no boots)
Stlth    +.........             (no amulet)
HPRegen  0.15/turn              (no ring)
MPRegen  0.09/turn              (no ring)

@: slow
A: +LOS, amphibious, slowness 1, strong legs 1, clever 1, robust 1
a: Hop


You were on level 2 of the Dungeon.
You visited 1 branch of the dungeon, and saw 3 of its levels.

You collected 41 gold pieces.

Inventory:

Hand Weapons
 a - a +0 long sword (weapon)
Missiles
 d - 3 throwing nets (quivered)
Armour
 b - a +0 leather armour (worn)
 c - a +0 helmet (worn)
Potions
 e - a potion of attraction
 i - a potion of magic {unknown}
 k - a potion of curing
 l - a potion of might {unknown}


   Skills:
 * Level 3.4 Fighting
 * Level 6.1 Long Blades
 - Level 2.0 Throwing
 - Level 3.2 Dodging


You had 4 spell levels left.
You didn't know any spells.
Your spell library was empty.

Dungeon Overview and Level Annotations

Branches:
Dungeon (3/15)

Altars:
Yredelemnul

Shops:
D:1 ((=


Innate Abilities, Weirdness & Mutations

You can be seen from farther away. (+LOS)
You are amphibious.
You cover ground slowly.
You can hop short distances.
Your mind is acute. (Int +2)
You are robust. (+10% HP)


Message History

HP restored.
There is a stone staircase leading down here.
You climb downwards.
A bat, a worm and 3 orcs come into view.
The orc shouts! x3
The bat hits you. The bat hits you but does no damage.
There is a stone staircase leading up here.
The bat barely misses you.
You riposte.
You hit the bat.
The bat is severely wounded.
You climb upwards.
There is a stone staircase leading down here.
You hit the bat.
You kill the bat!
You climb downwards.
The orc barely misses you. The orc misses you.
You riposte.
You hit the orc but do no damage. The orc barely misses you. x2
The orc hits you but does no damage.
The orc hits you from afar with a +0 trident!
There is a stone staircase leading up, spattered with blood here.
The orc closely misses you.
You riposte.
You barely miss the orc. The orc hits you with a +0 war axe.
The orc hits you from afar with a +0 trident!
You climb upwards.
There is a stone staircase leading down here.
Unknown command.
You barely miss the orc. The orc misses you. The orc closely misses you.
You hit the orc but do no damage. The orc barely misses you.
You riposte.
You hit the orc.
The orc is severely wounded.
The orc hits you with a +0 war axe.
You hit the orc.
The orc is heavily wounded.
The orc hits you. The orc hits you with a +0 war axe!
* * * LOW HITPOINT WARNING * * *
You hit the orc.
The orc is severely wounded.
The orc hits you but does no damage. The orc hits you with a +0 war axe.
* * * LOW HITPOINT WARNING * * *
It was a potion of curing.
You feel better. The orc hits you but does no damage.
The orc hits you with a +0 war axe!
You die...

#....8...# #.....#
#.##.....###.....###
#.###....#..........
#.###.............##
#...................
##..................
#....######.)...^##
#....######......#.
##@o...............
#o########.....(#.
#...............#.
#......######.###.
#..........##.# ## ######
#......###.##.# #....#
#........#.##.#### #....#
#......#.#........
#....########..#.#.#.#.....###


You could see 2 orcs.

Vanquished Creatures
  A hound skeleton (D:2)
  4 adders (D:2)
  An ooze (D:1)
  2 adder zombies (D:2)
  A worm (D:2)
  A dart slug (D:1)
  A leopard gecko (D:1)
  3 orcs
  4 bats (D:2)
  A giant cockroach (D:3)
  6 goblins
  5 hobgoblins
  3 jackals (D:2)
  3 kobolds
  A quokka (D:1)
  3 frilled lizards (D:1)
  A jackal zombie (D:1)
  A leopard gecko skeleton (D:2)
  A leopard gecko zombie (D:2)
  A quokka zombie (D:1)
  5 rats
49 creatures vanquished.

Notes
Turn   | Place    | Note
-------+----------+-------------------------------------------
     0 | D:1      | rageheart7 the Barachi Gladiator began the quest for the
                  | Orb.
     0 | D:1      | Reached XP level 1. HP: 17/17 MP: 1/1
    72 | D:1      | Found Covoemask's Antique Weapon Boutique.
   122 | D:1      | Reached skill level 4 in Long Blades
   133 | D:1      | Found Geumpo's Antique Weapon Shoppe.
   144 | D:1      | Found Hero's Jewellery Shoppe.
   208 | D:1      | Reached XP level 2. HP: 19/23 MP: 2/2
   813 | D:1      | Reached XP level 3. HP: 27/28 MP: 3/3
   991 | D:2      | Found a basalt altar of Yredelemnul.
  1041 | D:2      | Reached skill level 5 in Long Blades
  1194 | D:2      | Reached XP level 4. HP: 13/35 MP: 4/4
  2068 | D:2      | Reached skill level 6 in Long Blades
  2482 | D:3      | Gained mutation: You are robust. (+10% HP) [potion of
                  | mutation]
  2482 | D:3      | Gained mutation: Your mind is acute. (Int +2) [potion of
                  | mutation]
  2626 | D:3      | Reached XP level 5. HP: 11/45 MP: 5/5
  2892 | D:2      | HP: 2/45 [orc/+0 war axe (4)]
  2893 | D:2      | Slain by an orc

Illustrated notes

Levels and vault maps discovered:
D:1:      saegor_arrival_fortress, layout_basic, serial_shops, shop,
          nicolae_shop_competitors_out_of_business, shop, interstate_on_off,
          minmay_close_crescents
D:2:      layout_basic, general_overflow_altar, serial_undead, serial_undead_e,
          serial_undead_a, serial_undead_a, serial_undead_f
D:3:      layout_basic, nicolae_sif_muna_condensation, kennysheep_another_room,
          serial_bayou_lagoon_a

Skill      XL: |  1  2  3  4 |
---------------+-------------+-----
Long Blades    | 4 5 6 |  6.1
Fighting       | 3 |  3.4
Throwing       | |  2.0
Dodging        | |  3.2

Action                   |  1- 3 |  4- 6 || total
-------------------------+-------+-------++-------
Melee: Long sword        |    84 |    76 ||   160
 Abil: Hop               |       |     1 ||     1
  Use: Scroll            |       |     4 ||     4
       Potion            |       |     2 ||     2
Armor: Leather armour    |    25 |    18 ||    43
Dodge: Dodged            |    69 |    61 ||   130
       Rpst.: Long sword |    19 |    22 ||    41

Table legend: (Time is in decaauts)
 A = Elapsed time spent in this place.
 B = Non-inter-level travel time spent in this place.
 C = Inter-level travel time spent in this place.
 D = Time resting spent in this place.
 E = Time spent auto-exploring this place.
 F = Levels seen in this place.
 G = Mean time per level.
                   A        B        C        D        E       F      G
               +--------+--------+--------+--------+--------+-----+--------+
         Total |   3138 |   3028 |    110 |   1156 |   1492 |   3 | 1046.0 |
       Dungeon |   3138 |   3028 |    110 |   1156 |   1492 |   3 | 1046.0 |
               +--------+--------+--------+--------+--------+-----+--------+

Top non-repeatable levels by time:
     D:2: 1946 daAuts
     D:1: 1103 daAuts
     D:3: 88 daAuts
